 Dungeon Crawl Stone Soup version 0.30-a0-585-g93115170b9 (webtiles) character file.

Game seed: 15083291369858580520

1740 vineage the Covered (level 9, -6/58 HPs)
             Began as a Gargoyle Fighter on Jan 2, 2023.
             Was a Believer of Okawaru.
             Mangled by a yak (13 damage)
             ... on level 6 of the Dungeon.
             The game lasted 00:06:07 (4558 turns).

vineage the Covered (Gargoyle Fighter)              Turns: 4558, Time: 00:06:08

Health: -6/58      AC: 14    Str: 23    XL:     9   Next: 5%
Magic:  7/9        EV: 12    Int: 10    God:    Okawaru [**....]
Gold:   139        SH:  6    Dex:  9    Spells: 8/8 levels left

rFire   . . .      SeeInvis .    r - +2 whip (chaos)
rCold   + + .      Faith    .    c - +0 buckler
rNeg    + + .      Spirit   .    m - +3 leather armour "Vodagreur" {rC++ rN+}
rPois   ∞          Reflect  .    (no helmet)
rElec   +          Harm     .    (no cloak)
rCorr   .          Rampage  .    (no gloves)
Will    .....                    (no boots)
Stlth   ++                       (no amulet)
HPRegen 0.29/turn                (no ring)
MPRegen 0.11/turn                (no ring)

@: heroic
A: sickness immunity, AC +6, negative energy resistance 1, electricity
resistance, torment resistance 1, petrification resistance
a: Renounce Religion, Heroism


You were on level 6 of the Dungeon.
You worshipped Okawaru.
Okawaru was pleased with you.
You visited 1 branch of the dungeon, and saw 6 of its levels.

You collected 139 gold pieces.

Inventory:

Hand Weapons
 a - a +0 flail
 e - a +1 short sword of venom
 r - a +2 whip of chaos (weapon)
Armour
 b - a +0 scale mail
 c - a +0 buckler (worn)
 m - the +3 leather armour "Vodagreur" (worn) {rC++ rN+}
   (You took it off a hobgoblin on level 3 of the Dungeon)

   rC:        It greatly protects you from cold.
   rN:        It protects you from negative energy.
Wands
 j - a wand of flame (18)
 q - a wand of roots (5)
Scrolls
 f - 3 scrolls of identify
 g - a scroll of magic mapping {unknown}
 k - a scroll of fear
 p - a scroll of teleportation {unknown}
Potions
 d - a potion of cancellation
 h - a potion of magic
 i - a potion of attraction {unknown}
 l - 2 potions of brilliance
 n - a potion of lignification {unknown}
 o - a potion of haste {unknown}


   Skills:
 + Level 7.7(12.7) Fighting
 * Level 3.0(8.0) Maces & Flails
 + Level 7.7(12.7) Armour
 + Level 7.6(12.6) Shields
 + Level 1.0 Invocations


You had 8 spell levels left.
You didn't know any spells.
Your spell library contained the following spells:

 Spells                   Type           Power      Damage    Failure   Level
 Apportation              Tloc           0%         N/A       45%         1
 Ensorcelled Hibernation  Hex/Ice        0%         N/A       58%         2
 Passwall                 Tmut/Erth      0%         N/A       58%         2
 Hailstorm                Conj/Ice       0%         3d3       83%         3
 Swiftness                Air            0%         N/A       83%         3
 Ice Form                 Ice/Tmut       0%         N/A       99%         4
 Alistair's Intoxication  Tmut/Pois      0%         N/A       100%        5
 Simulacrum               Ice/Necr       Unusable   N/A       N/A         6

Dungeon Overview and Level Annotations

Branches:
Dungeon (6/15)             Temple (0/1) D:6

Altars:
Gozag
Makhleb
Okawaru
Ru
Sif Muna
Vehumet
Xom
Yredelemnul
Zin

Shops:
D:2 ***[(


Innate Abilities, Weirdness & Mutations

You are immune to sickness and miasma.
Your stone body is resilient. (AC +6)
You are immune to poison.
You resist negative energy. (rN+)
You are resistant to electric shocks. (rElec)
You are resistant to unholy torment.
You are immune to petrification.


Message History

The yak is severely wounded.
The yak gores you.
You closely miss the yak.
The yak is severely wounded.
The yak barely misses you. The yak gores you but does no damage.
You hit the yak.
The yak is severely wounded.
The yak gores you but does no damage.
Okay, then.
You gain the combat prowess of a mighty hero.
The yak gores you.
* * * LOW HITPOINT WARNING * * *
The yak gores you.
* * * LOW HITPOINT WARNING * * *
You barely miss the yak.
The yak is severely wounded.
You block the yak's attack.
You hit the yak.
The yak is poisoned.
The yak is almost dead.
The yak closely misses you.
You closely miss the yak.
The yak is almost dead.
The yak gores you but does no damage.
You barely miss the yak.
The yak is almost dead.
The yak gores you but does no damage.
You hit the yak.
The yak is almost dead.
The yak barely misses you.
You barely miss the yak.
The yak is almost dead.
You block the yak's attack.
You closely miss the yak.
The yak is almost dead.
The yak gores you.
* * * LOW HITPOINT WARNING * * *
You barely miss the yak.
The yak is almost dead.
The yak gores you!
You die...

.#+ ##..#.#####.## ##
##........... .#+
#..#.#####.## ..##
##.....###.
#..###..###.##..
#...#..# #.##.#
......)####.##.#
#.####.......#.#####.##.
..# ##)###.....@YYY....
..# #.###.##.#####....
..# #...#.##.# .. . ..#
###....#.#.# ..#
###......# ...
#......#.....
#..........####
..............#
.##.#.>..~§§....


You could see 3 yaks.

Vanquished Creatures
  The ghost of GrimJard the Destroyer, an amateur DrCj of Vehumet (D:5)
  A yak (D:6)
  3 black bears
  2 ice beasts (D:5)
  An ogre (D:4)
  A kobold brigand (D:5)
  2 scorpions
  3 necrophages (D:5)
  A crimson imp (D:5)
  2 hounds
  2 orc priests
  A gnoll bouda (D:3)
  2 iguanas (D:5)
  Robin (D:2)
  4 adders
  9 gnolls
  A white imp (D:5)
  4 ufetubi
  4 worms
  A dart slug (D:2)
  8 orcs
  5 ball pythons
  6 endoplasms
  13 goblins
  10 hobgoblins
  2 jackals (D:3)
  10 kobolds
  4 quokkas
  7 bats
  2 frilled lizards (D:2)
  7 rats
  A spectral orc (D:3)
121 creatures vanquished.

Vanquished Creatures (others)
  8 plants
8 creatures vanquished.

Grand Total: 129 creatures vanquished

Notes
Turn   | Place    | Note
-------+----------+-------------------------------------------
     0 | D:1      | vineage the Gargoyle Fighter began the quest for the Orb.
     0 | D:1      | Reached XP level 1. HP: 14/14 MP: 1/1
    18 | D:1      | You fall into a shaft and drop 1 floor!
    97 | D:2      | Found Ujaeshru's General Store.
   170 | D:2      | Found Bauvu's Armour Shoppe.
   173 | D:2      | Reached XP level 2. HP: 16/19 MP: 2/2
   334 | D:2      | Noticed Robin
   346 | D:2      | Reached XP level 3. HP: 12/24 MP: 3/3
   380 | D:2      | Killed Robin
   452 | D:2      | Found Afotilut's Weapon Boutique.
   489 | D:2      | Found Peschuvum's Assorted Antiques.
   705 | D:2      | Found Pocux's Assorted Antiques.
   853 | D:3      | Reached XP level 4. HP: 24/29 MP: 4/4
  1161 | D:3      | Found an iron altar of Okawaru.
  1196 | D:3      | Became a worshipper of Warmaster Okawaru
  1241 | D:3      | Reached XP level 5. HP: 19/34 MP: 5/5
  1480 | D:3      | Identified the +3 leather armour "Vodagreur" {rC++ rN+}
  1766 | D:3      | Found a basalt altar of Yredelemnul.
  2205 | D:4      | Reached XP level 6. HP: 40/40 MP: 6/6
  2259 | D:4      | Reached skill level 5 in Fighting
  2259 | D:4      | Reached skill level 5 in Armour
  2259 | D:4      | Reached skill level 5 in Shields
  2265 | D:4      | Found an opulent altar of Gozag.
  2591 | D:3      | Reached XP level 7. HP: 34/44 MP: 7/7
  2640 | D:4      | Reached * piety under Okawaru
  2738 | D:4      | Found a radiant altar of Vehumet.
  2743 | D:4      | Found a shimmering altar of Xom.
  2858 | D:4      | Found a glowing silver altar of Zin.
  2959 | D:5      | Entered Level 5 of the Dungeon
  3125 | D:5      | Identified the +1 robe of the Dungeon {Slay+3}
  3127 | D:5      | Found a burning altar of Makhleb.
  3233 | D:5      | Reached ** piety under Okawaru
  3650 | D:5      | Reached XP level 8. HP: 51/52 MP: 8/8
  3672 | D:5      | Found a runed translucent gate.
  3672 | D:5      | Found a runed translucent gate.
  3674 | D:5      | Found a runed translucent gate.
  3674 | D:5      | Noticed GrimJard's ghost (amateur DrCj)
  4120 | D:5      | Found a shimmering blue altar of Sif Muna.
  4270 | D:5      | Killed GrimJard's ghost
  4272 | D:5      | HP: 1/53 [kobold brigand/+2 rapier of electrocution (10)]
  4478 | D:6      | Found a sacrificial altar of Ru.
  4517 | D:6      | Found a staircase to the Ecumenical Temple.
  4523 | D:6      | Noticed a yak
  4524 | D:6      | Noticed a yak
  4526 | D:6      | Noticed a yak
  4529 | D:6      | Noticed a yak
  4539 | D:6      | Killed a yak
  4540 | D:6      | Reached skill level 1 in Invocations
  4540 | D:6      | Reached XP level 9. HP: 53/58 MP: 7/9
  4558 | D:6      | Mangled by a yak

Illustrated notes

Levels and vault maps discovered:
D:1:      lightli_arrival_windingriver, layout_basic, basic_ecumenical_altar
D:2:      layout_loops_ring, serial_shops, shop_statue, nicolae_square_shop,
          shop, nicolae_shop_temple_entry_statues_fountains,
          nicolae_shop_temple_entry_statues_fountains, uniq_robin
D:3:      layout_loops_ring, yredelemnul_forgotten_temple_becter,
          mainiacjoe_overflow_brackets, serial_bayou, serial_bayou_ford_a,
          serial_bayou_pond_a, serial_bayou_shore_b, serial_bayou_crossing,
          serial_bayou_pond_a, minmay_fractal_squares_gapless_5
D:4:      layout_cave_pools, lemuel_crystal_altar, nicolae_gozag_seed_capital,
          mainiacjoe_overflow_large_starburst
D:5:      layout_basic, lemuel_blue_sif_altar, makhleb_grotto_becter,
          gammafunk_ghost_nasty_kobolds, serial_bayou, serial_bayou_shore_b,
          serial_bayou_shore_b, serial_bayou_pond_e, serial_bayou_shore_a
D:6:      layout_rooms, mainiacjoe_overflow_small_starburst,
          mainiacjoe_overflow_boulevard, nicolae_elyvilon_temple_path,
          nemelex_diamond_rough_becter, minmay_temple_entry_mist, serial_shops,
          nicolae_shop_bloodbath_and_beyond, uniq_blork_the_orc

Skill      XL: |  1  2  3  4  5  6  7  8 |
---------------+-------------------------+-----
Fighting       | 4 5 6 7 |  7.7
Shields        | 4 5 6 7 |  7.6
Armour         | 4 5 6 7 |  7.7
Maces & Flails | 3 |  3.0
Invocations    | 1 |  1.0

Action                   |  1- 3 |  4- 6 |  7- 9 || total
-------------------------+-------+-------+-------++-------
Melee: Short sword       |   117 |   196 |   314 ||   627
       Flail             |     8 |       |       ||     8
       Whip              |       |       |    58 ||    58
Invok: Heroism           |       |       |     3 ||     3
  Use: Scroll            |     2 |       |     6 ||     8
       Potion            |       |     3 |     4 ||     7
 Stab: Confused          |       |       |     1 ||     1
Armor: Scale mail        |    55 |    39 |       ||    94
       Leather armour    |       |    75 |   174 ||   249
Dodge: Dodged            |    68 |    99 |   173 ||   340
Block: Buckler           |    26 |    48 |    76 ||   150

Table legend: (Time is in decaauts)
 A = Elapsed time spent in this place.
 B = Non-inter-level travel time spent in this place.
 C = Inter-level travel time spent in this place.
 D = Time resting spent in this place.
 E = Time spent auto-exploring this place.
 F = Levels seen in this place.
 G = Mean time per level.
                   A        B        C        D        E       F      G
               +--------+--------+--------+--------+--------+-----+--------+
         Total |   4609 |   4491 |    118 |    624 |   2772 |   6 |  768.2 |
       Dungeon |   4609 |   4491 |    118 |    624 |   2772 |   6 |  768.2 |
               +--------+--------+--------+--------+--------+-----+--------+

Top non-repeatable levels by time:
     D:5: 1433 daAuts
     D:3: 1382 daAuts
     D:2: 821 daAuts
     D:4: 766 daAuts
     D:6: 185 daAuts
     D:1: 20 daAuts
